Map: Magannatha LE

Players

Drew - Winner!

  • Race: Protoss Protoss
  • League: Diamond
  • Spawn Location: 11:00

LigerMaNN

  • Race: Zerg Zerg
  • League: Diamond
  • Spawn Location: 5:00

VOD

Have the link to the VOD?

Description

Time

  • Played on: June 4, 2025, 4:20 p.m.
  • Length: 6:29
Show
View Real Time Build Order
Export as new Build Order

Drew Protoss - Winner!

Build Orders: 1 Gate Expand 

Get SALT Encoding   

  12  0:00  Probe  
  13  0:12  Probe  
  14  0:18  Pylon  
  14  0:24  Probe  
  15  0:37  Probe  
  15  0:39  Gateway  
  16  0:45  Probe  
  16  0:47  Assimilator  
  17  0:53  Probe  
  17  1:03  Probe  
  19  1:15  Probe  
  20  1:27  Nexus  
  20  1:33  Zealot  
  22  1:40  Pylon  
  22  1:42  Probe  
  23  1:52  Cybernetics Core  
  23  1:58  Probe  
  24  2:06  Zealot  
  26  2:10  Probe  
  26  2:14  Gateway  
  27  2:22  Probe  
  28  2:32  Twilight Council  
  28  2:34  Probe  
  28  2:36  Stalker  
  29  2:42  Probe  
  29  2:44  Warp Gate  
  32  2:46  Probe  
  33  2:54  Probe  
  34  2:58  Probe  
  34  3:01  Zealot  
  34  3:03  Charge  
  37  3:06  Gateway, Probe  
  37  3:10  Probe  
  37  3:11  Zealot  
  41  3:18  Probe  
  42  3:22  Pylon  
  42  3:23  Probe  
  43  3:30  Zealot  
  43  3:32  Probe  
  46  3:37  Stalker  
  46  3:40  Pylon  
  48  3:45  Gateway  
  48  4:05  Zealot x2  
  48  4:07  Zealot  
  50  4:12  Probe x2  
  50  4:17  Gateway  
  52  4:20  Robotics Facility  
  52  4:23  Gateway  
  52  4:27  Probe x2  
  52  4:30  Pylon, Assimilator  
  52  4:31  Pylon  
  54  4:35  Pylon  
  54  4:40  Stalker, Zealot  
  54  4:42  Zealot  
  54  4:43  Zealot  
  62  4:47  Pylon  
  62  4:54  Probe x2  
  64  5:02  Zealot  
  64  5:03  Stalker  
  64  5:04  Zealot  
  70  5:09  Assimilator  
  70  5:14  Zealot x2  
  74  5:15  Probe x2  
  74  5:20  Pylon  
  74  5:21  Stalker  
  78  5:29  Stalker, Zealot  
  78  5:37  Stalker  
  78  5:38  Zealot  
  74  5:51  Nexus  
  74  5:53  Probe x2  
  76  6:11  Zealot x5  
  72  6:13  Probe x2  
  72  6:15  Shield Battery  
  72  6:18  Forge  
Show
View Real Time Build Order
Export as new Build Order

LigerMaNN Zerg 

Build Orders: Hatch First 

Get SALT Encoding   

  12  0:00  Drone  
  13  0:12  Overlord  
  13  0:16  Drone  
  14  0:32  Drone x2  
  16  0:46  Hatchery  
  15  0:50  Drone  
  15  0:54  Drone  
  17  0:57  Drone  
  18  1:08  Extractor  
  17  1:14  Spawning Pool  
  17  1:17  Drone  
  17  1:20  Drone  
  18  1:29  Drone  
  19  1:39  Overlord  
  19  2:00  Queen x2  
  23  2:02  Zergling x6  
  26  2:19  Drone x2  
  26  2:20  Metabolic Boost  
  28  2:27  Drone x2  
  30  2:41  Hatchery  
  29  2:47  Drone x3  
  32  2:51  Overlord  
  32  3:00  Queen  
  34  3:08  Drone x2  
  34  3:10  Overlord  
  36  3:14  Overlord  
  36  3:21  Zergling x6  
  36  3:22  Zergling x2  
  36  3:26  Zergling x2  
  36  3:27  Zergling x2  
  42  3:43  Queen  
  42  3:48  Drone x4  
  40  4:12  Drone  
  40  4:14  Drone x9  
  40  4:16  Roach Warren  
  49  4:17  Extractor  
  49  4:19  Extractor  
  49  4:23  Queen  
  49  4:24  Queen  
  51  4:48  Drone x3  
  51  4:51  Overlord x2  
  51  4:52  Overlord x2  
  53  5:03  Roach x6  
  65  5:07  Overlord x2  
  65  5:12  Roach x2  
  65  5:14  Roach  
  61  5:38  Roach x9  
  71  5:49  Roach x4  
  67  5:55  Roach x2  
  59  6:03  Roach  
  59  6:04  Roach  
Tags
 
Add a new tag
Caveats
  • Supply blocks, unpowered buildings, or Contaminate may cause inaccurate times.
  • Supply counts are checked every 10 seconds.